FLO
TAMPA TARPONS @ CLEARWATER THRESHERS
04/24/2024
 
TOP OF THE 1ST
Tampa Tarpons batting - Pitching for Clearwater Threshers : RHP Broderick Maitland
Pitching: RHP Broderick Maitland
Batting: LHB Kyle Scott 0-0: Ball
1-0: Ball
2-0: Called Strike
2-1: Ball
3-1: Foul Ball, location: 2F
3-2: Ground out 6-3 (Groundball, 6M, EV 107.5 MPH)
Batting: LHB Kevin Aakers 0-0: Foul Ball, location: 2F
0-1: Ball
1-1: Ball
2-1: Foul Ball, location: 3F
2-2: Strikes out swinging
Batting: LHB Cole Young 0-0: Ball
1-0: Ground out 6-3 (Groundball, 4M, EV 90.6 MPH)
Top of the 1st over - 0 runs, 0 hits, 0 errors, 0 left on base; Tampa 0 - Clearwater 0
BOTTOM OF THE 1ST
Clearwater Threshers batting - Pitching for Tampa Tarpons : RHP JP Massey
Pitching: RHP JP Massey
Batting: RHB Juan Durán 0-0: Ball
1-0: Ground out 5-3 (Groundball, 56, EV 97.5 MPH)
Batting: LHB Lyndon Holland 0-0: Fly out, F8 (Flyball, 8LD, EV 106.9 MPH)
Batting: RHB Jack Blomgren 0-0: Hit by Pitch
Batting: SHB Félix Herrera 0-0: Ball
1-0: Foul Ball, location: 7LDF
1-1: Called Strike
1-2: Strikes out swinging
Bottom of the 1st over - 0 runs, 0 hits, 0 errors, 1 left on base; Tampa 0 - Clearwater 0
TOP OF THE 2ND
Tampa Tarpons batting - Pitching for Clearwater Threshers : RHP Broderick Maitland
Batting: RHB Taylor Clapp 0-0: Ground out 5-3 (Groundball, 5, EV 85.0 MPH)
Batting: LHB Alejandro Jiménez 0-0: Ball
1-0: Called Strike
1-1: Ball
2-1: Foul Ball, location: 5F
2-2: Ball
3-2: Foul Ball, location: 3SF
3-2: Ground out 4-3 (Groundball, 4, EV 86.3 MPH)
Batting: RHB Bernard Moreau 0-0: Ball
1-0: Swinging Strike
1-1: Swinging Strike
1-2: Strikes out swinging
Top of the 2nd over - 0 runs, 0 hits, 0 errors, 0 left on base; Tampa 0 - Clearwater 0
BOTTOM OF THE 2ND
Clearwater Threshers batting - Pitching for Tampa Tarpons : RHP JP Massey
Batting: RHB Nathan Harrison 0-0: Called Strike
0-1: Ball
1-1: Ground out 6-3 (Groundball, 56, EV 82.5 MPH)
Batting: LHB Marcos Leal 0-0: Called Strike
0-1: Ball
1-1: Foul Ball, location: 2F
1-2: Foul Ball, location: 5F
1-2: Strikes out swinging
Batting: RHB Phillip Bates 0-0: Ball
1-0: Ball
2-0: Ball
3-0: Base on Balls
Batting: RHB Arnold Barrett 0-0: Ball
1-0: Called Strike
1-1: Ball
2-1: Foul Ball, location: 2F
2-2: Foul Ball, location: 23F
2-2: Strikes out swinging
Bottom of the 2nd over - 0 runs, 0 hits, 0 errors, 1 left on base; Tampa 0 - Clearwater 0
TOP OF THE 3RD
Tampa Tarpons batting - Pitching for Clearwater Threshers : RHP Broderick Maitland
Batting: RHB José Cavazos 0-0: Foul Ball, location: 25FF
0-1: Ball
1-1: Ground out 5-3 (Groundball, 56, EV 85.0 MPH)
Batting: RHB Jack Payton 0-0: Ball
1-0: Fly out, F9 (Flyball, 9D, EV 99.4 MPH)
Batting: RHB Trey Reynolds 0-0: Ground out 6-3 (Groundball, 6, EV 83.8 MPH)
Top of the 3rd over - 0 runs, 0 hits, 0 errors, 0 left on base; Tampa 0 - Clearwater 0
BOTTOM OF THE 3RD
Clearwater Threshers batting - Pitching for Tampa Tarpons : RHP JP Massey
Batting: RHB Kevin Bolton 0-0: Ball
1-0: Called Strike
1-1: Ball
2-1: Foul Ball, location: 3F
2-2: Fly out, F9 (Flyball, 89M, EV 90.6 MPH)
Batting: RHB Juan Durán 0-0: SINGLE (Line Drive, 34D, EV 100.6 MPH)
Batting: LHB Lyndon Holland 0-0: Called Strike
Juan Durán is caught stealing 2nd base 2-6
0-1: Foul Ball, location: 3DF
0-2: Foul Ball, location: 2LF
0-2: Ball
1-2: Foul Ball, location: 3FF
1-2: Strikes out swinging
Bottom of the 3rd over - 0 runs, 1 hit, 0 errors, 0 left on base; Tampa 0 - Clearwater 0
TOP OF THE 4TH
Tampa Tarpons batting - Pitching for Clearwater Threshers : RHP Broderick Maitland
Batting: LHB Kyle Scott 0-0: Ball
1-0: Foul Ball, location: 2F
1-1: Ball
2-1: Ball
3-1: SINGLE (Line Drive, 7S, EV 98.8 MPH)
Batting: LHB Kevin Aakers 0-0: Ball
Kyle Scott steals 2nd base
1-0: Foul Ball, location: 7LDF
1-1: Ground out U3 (Groundball, 3, EV 88.1 MPH)
Kyle Scott to third
Batting: LHB Cole Young 0-0: DOUBLE (Flyball, 78XD, EV 105.6 MPH)
Kyle Scott scores
Batting: RHB Taylor Clapp 0-0: SINGLE (Groundball, 6MS, EV 76.3 MPH) (infield hit)
Cole Young to third
Batting: LHB Alejandro Jiménez 0-0: Ball
1-0: Called Strike
1-1: Ball
2-1: Called Strike
2-2: Foul Ball, location: 2F
2-2: Ball
3-2: SINGLE (Groundball, 23, EV 74.4 MPH) (infield hit)
Taylor Clapp to second
Batting: RHB Bernard Moreau 0-0: Ball
1-0: Grounds into fielders choice 4-2 (Groundball, 4, EV 98.8 MPH)
Taylor Clapp to third
Alejandro Jiménez to second
Batting: RHB José Cavazos 0-0: Ball
1-0: Ground out 4-3 (Groundball, 4, EV 83.1 MPH)
Top of the 4th over - 1 run, 4 hits, 0 errors, 3 left on base; Tampa 1 - Clearwater 0
BOTTOM OF THE 4TH
Clearwater Threshers batting - Pitching for Tampa Tarpons : RHP JP Massey
Batting: RHB Jack Blomgren 0-0: Ball
1-0: Ball
2-0: Ball
3-0: Called Strike
3-1: Fly out, F8 (Line Drive, 8RM, EV 96.9 MPH)
Batting: SHB Félix Herrera 0-0: Ball
1-0: Foul Ball, location: 2F
1-1: Foul Ball, location: 2F
1-2: Ball
2-2: Foul Ball, location: 2F
2-2: Foul Ball, location: 5SF
2-2: Strikes out swinging
Batting: RHB Nathan Harrison 0-0: Foul Ball, location: 2F
0-1: Ball
1-1: Ball
2-1: Foul Ball, location: 2F
2-2: Ball
3-2: Base on Balls
Batting: LHB Marcos Leal 0-0: Ball
1-0: Ball
2-0: Called Strike
2-1: Ball
3-1: Foul Ball, location: 25FF
3-2: Foul Ball, location: 3F
3-2: Foul Ball, location: 2F
3-2: Foul Ball, location: 5DF
3-2: Strikes out swinging
Bottom of the 4th over - 0 runs, 0 hits, 0 errors, 1 left on base; Tampa 1 - Clearwater 0
TOP OF THE 5TH
Tampa Tarpons batting - Pitching for Clearwater Threshers : RHP Broderick Maitland
Batting: RHB Jack Payton 0-0: Ball
1-0: SINGLE (Line Drive, 78M, EV 101.3 MPH)
Batting: RHB Trey Reynolds 0-0: Foul Ball, location: 7LSFF
0-1: Hit by Pitch
Jack Payton to second
Batting: LHB Kyle Scott 0-0: Ball
1-0: Fly out, F8 (Flyball, 8RD, EV 91.3 MPH)
Batting: LHB Kevin Aakers 0-0: Foul Ball, location: 23FF
0-1: Foul Ball, location: 9LDF
0-2: Ball
1-2: Strikes out swinging
Batting: LHB Cole Young 0-0: Called Strike
0-1: Ball
1-1: Ball
2-1: SINGLE (Line Drive, 8RS, EV 102.5 MPH)
Jack Payton to third
Trey Reynolds to second
Runner from 3rd tries for Home, SAFE, throw by CF to home
Batting: RHB Taylor Clapp 0-0: Foul Ball, location: 2F
0-1: Called Strike
0-2: Strikes out swinging
Top of the 5th over - 1 run, 2 hits, 0 errors, 2 left on base; Tampa 2 - Clearwater 0
BOTTOM OF THE 5TH
Clearwater Threshers batting - Pitching for Tampa Tarpons : RHP JP Massey
Batting: RHB Phillip Bates 0-0: Called Strike
0-1: Ball
1-1: Called Strike
1-2: Ball
2-2: Foul Ball, location: 3DF
2-2: Strikes out swinging
Batting: RHB Arnold Barrett 0-0: Ball
1-0: Foul Ball, location: 3F
1-1: Swinging Strike
1-2: Ball
2-2: Ball
3-2: Foul Ball, location: 2F
3-2: SINGLE (Line Drive, 6D, EV 95.6 MPH)
Batting: RHB Kevin Bolton 0-0: Called Strike
0-1: Swinging Strike
0-2: Ball
1-2: Ball
2-2: Strikes out looking
Batting: RHB Juan Durán 0-0: Ball
1-0: Fly out, F7 (Flyball, 7, EV 90.0 MPH)
Bottom of the 5th over - 0 runs, 1 hit, 0 errors, 1 left on base; Tampa 2 - Clearwater 0
TOP OF THE 6TH
Tampa Tarpons batting - Pitching for Clearwater Threshers : RHP Broderick Maitland
Batting: LHB Alejandro Jiménez 0-0: Foul Ball, location: 2F
0-1: Ball
1-1: Swinging Strike
1-2: Strikes out swinging
Batting: RHB Bernard Moreau 0-0: Foul Ball, location: 2F
0-1: Ball
1-1: Foul Ball, location: 23FF
1-2: Fly out, F8 (Flyball, 8LXD, EV 101.3 MPH)
Batting: RHB José Cavazos 0-0: Ball
1-0: Swinging Strike
1-1: Ball
2-1: Swinging Strike
2-2: Ground out U3 (Groundball, 34S, EV 90.6 MPH)
Top of the 6th over - 0 runs, 0 hits, 0 errors, 0 left on base; Tampa 2 - Clearwater 0
BOTTOM OF THE 6TH
Clearwater Threshers batting - Pitching for Tampa Tarpons : RHP JP Massey
Batting: LHB Lyndon Holland 0-0: Ball
1-0: Ball
2-0: Fly out, F8 (Flyball, 8LD, EV 91.3 MPH)
Batting: RHB Jack Blomgren 0-0: Ball
1-0: Foul Ball, location: 2RF
1-1: Foul Ball, location: 9LDF
1-2: Ground out 4-3 (Groundball, 4M, EV 105.0 MPH)
Batting: SHB Félix Herrera 0-0: Ball
1-0: Ball
2-0: Foul Ball, location: 5F
2-1: Called Strike
2-2: SINGLE (Groundball, 23, EV 70.6 MPH) (infield hit)
Pitching: LHP Claudio Cordero
Batting: RHB Nathan Harrison 0-0: Ball
1-0: Swinging Strike
1-1: Ball
2-1: Foul Ball, location: 2F
2-2: Fielders Choice at 2nd, 6-4 (Groundball, 6, EV 80.6 MPH)
Bottom of the 6th over - 0 runs, 1 hit, 0 errors, 1 left on base; Tampa 2 - Clearwater 0
TOP OF THE 7TH
Tampa Tarpons batting - Pitching for Clearwater Threshers : RHP Broderick Maitland
Pitching: RHP Jason Rackers
Batting: RHB Jack Payton 0-0: Called Strike
0-1: Ball
1-1: Ball
2-1: Foul Ball, location: 3FF
2-2: Fly out, F9 (Line Drive, 9S, EV 86.3 MPH)
Batting: RHB Trey Reynolds 0-0: Ball
1-0: Swinging Strike
1-1: Ball
2-1: Fly out, F8 (Line Drive, 8LD, EV 93.8 MPH)
Batting: LHB Kyle Scott 0-0: Ball
1-0: Ball
2-0: Ball
3-0: Called Strike
3-1: Base on Balls
Batting: LHB Kevin Aakers 0-0: Called Strike
Kyle Scott steals 2nd base
0-1: Ground out U3 (Groundball, 3, EV 91.9 MPH)
Top of the 7th over - 0 runs, 0 hits, 0 errors, 1 left on base; Tampa 2 - Clearwater 0
BOTTOM OF THE 7TH
Clearwater Threshers batting - Pitching for Tampa Tarpons : LHP Claudio Cordero
Batting: LHB Marcos Leal 0-0: Ball
1-0: Ball
2-0: Ground out 4-3 (Groundball, 4S, EV 89.4 MPH)
Batting: RHB Phillip Bates 0-0: Swinging Strike
0-1: Ball
1-1: Foul Ball, location: 2F
1-2: Foul Ball, location: 25F
1-2: Ball
2-2: Strikes out swinging
Batting: RHB Arnold Barrett 0-0: Called Strike
0-1: Called Strike
0-2: Ball
1-2: Foul Ball, location: 2F
1-2: Ball
2-2: Ball
3-2: Base on Balls
Batting: RHB Kevin Bolton 0-0: Ball
1-0: Ball
2-0: Swinging Strike
2-1: Foul Ball, location: 3SF
2-2: Fly out, F7 (Flyball, 7, EV 77.5 MPH)
Bottom of the 7th over - 0 runs, 0 hits, 0 errors, 1 left on base; Tampa 2 - Clearwater 0
TOP OF THE 8TH
Tampa Tarpons batting - Pitching for Clearwater Threshers : RHP Jason Rackers
Batting: LHB Cole Young 0-0: SINGLE (Line Drive, 89S, EV 100.0 MPH)
Batting: RHB Taylor Clapp 0-0: Ball
1-0: Ball
2-0: Swinging Strike
2-1: Grounds into double play, 4-6-3 (Groundball, 4, EV 79.4 MPH)
Batting: LHB Alejandro Jiménez 0-0: Ball
1-0: Ground out 4-3 (Groundball, 4, EV 86.9 MPH)
Top of the 8th over - 0 runs, 1 hit, 0 errors, 0 left on base; Tampa 2 - Clearwater 0
BOTTOM OF THE 8TH
Clearwater Threshers batting - Pitching for Tampa Tarpons : LHP Claudio Cordero
Batting: RHB Juan Durán 0-0: Ball
1-0: Ball
2-0: Fly out, F8 (Flyball, 8RD, EV 105.0 MPH)
Batting: LHB Lyndon Holland 0-0: Ball
1-0: Ball
2-0: Ball
3-0: Base on Balls
Batting: RHB Jack Blomgren 0-0: Called Strike
0-1: DOUBLE (Line Drive, 78XD, EV 106.9 MPH)
Lyndon Holland to third
Runner from 3rd tries for Home, SAFE, throw by LF to home
Batting: SHB Félix Herrera 0-0: Ball
1-0: Fly out, F9 (Flyball, 9D, EV 95.0 MPH)
Runner from 2nd tags up, SAFE at 3rd, no throw by RF
Batting: RHB Nathan Harrison 0-0: Ball
1-0: Called Strike
1-1: Swinging Strike
1-2: Foul Ball, location: 3FF
1-2: Ball
2-2: Foul Ball, location: 23F
2-2: Ball
3-2: SINGLE (Line Drive, 6D, EV 96.9 MPH)
Jack Blomgren scores
Batting: LHB Marcos Leal 0-0: Ball
1-0: Ball
2-0: Ball
3-0: Called Strike
3-1: Base on Balls
Nathan Harrison to second
Batting: RHB Phillip Bates 0-0: Fly out, F7 (Flyball, 7S, EV 78.1 MPH)
Bottom of the 8th over - 2 runs, 2 hits, 0 errors, 2 left on base; Tampa 2 - Clearwater 2
TOP OF THE 9TH
Tampa Tarpons batting - Pitching for Clearwater Threshers : RHP Jason Rackers
Pitching: RHP Levi Bennett
Pinch Hitting: LHB Kyle Teel 0-0: DOUBLE (Line Drive, 8RXD, EV 100.6 MPH)
Pinch Hitting: LHB Blaine McIntosh 0-0: Intentional Walk
Batting: RHB Jack Payton 0-0: Foul Ball, location: 23F
0-1: Swinging Strike
0-2: Ball
1-2: Strikes out swinging
Batting: RHB Julián Campos 0-0: Ball
1-0: Foul Ball, location: 9LDF
1-1: Called Strike
1-2: Ball
2-2: Strikes out swinging
Batting: LHB Kyle Scott 0-0: Ball
1-0: Called Strike
1-1: Ball
2-1: Called Strike
2-2: Ball
3-2: SINGLE (Line Drive, 6D, EV 103.8 MPH)
Kyle Teel to third
Blaine McIntosh to second
Kyle Teel scores
Blaine McIntosh to third
Batting: LHB Kevin Aakers 0-0: Called Strike
0-1: Called Strike
0-2: Ball
1-2: DOUBLE (Line Drive, 3D, EV 102.5 MPH)
Blaine McIntosh scores
Kyle Scott to third
Runner from 3rd tries for Home, SAFE, no throw by RF
Batting: LHB Cole Young 0-0: Intentional Walk
Batting: RHB Taylor Clapp 0-0: Called Strike
0-1: Swinging Strike
0-2: Foul Ball, location: 2F
0-2: Foul Ball, location: 7LDF
0-2: Strikes out looking
Top of the 9th over - 3 runs, 3 hits, 0 errors, 2 left on base; Tampa 5 - Clearwater 2
BOTTOM OF THE 9TH
Clearwater Threshers batting - Pitching for Tampa Tarpons : LHP Claudio Cordero
Pitching: RHP Edgardo Vega
Now at 2B: Jayce Easley
Now in LF: Blaine McIntosh
Batting: RHB Arnold Barrett 0-0: Called Strike
0-1: Foul Ball, location: 2F
0-2: Ball
1-2: SINGLE (Flyball, 56D, EV 93.1 MPH)
Pinch Hitting: LHB José Gutiérrez 0-0: SINGLE (Groundball, 4M, EV 106.3 MPH) (infield hit)
Arnold Barrett to second
Pinch Hitting: RHB Nick Miller 0-0: Ball
1-0: Foul Ball, location: 9LMF
1-1: Ball
2-1: Called Strike
2-2: Foul Ball, location: 2F
2-2: Ball
3-2: Base on Balls
Arnold Barrett to third
José Gutiérrez to second
Batting: LHB Lyndon Holland 0-0: Called Strike
0-1: Grounds into double play, 6-4-3 (Groundball, 6, EV 87.5 MPH)
Arnold Barrett scores
José Gutiérrez to third
Batting: RHB Jack Blomgren 0-0: Called Strike
0-1: Swinging Strike
0-2: Ball
1-2: Ball
2-2: Ball
3-2: Base on Balls
Batting: SHB Félix Herrera 0-0: Ball
1-0: Foul Ball, location: 7LSF
1-1: Swinging Strike
1-2: Ball
2-2: SINGLE (Line Drive, 7S, EV 101.3 MPH)
José Gutiérrez scores
Jack Blomgren to second
Batting: RHB Nathan Harrison 0-0: Called Strike
0-1: Called Strike
0-2: Ball
1-2: Strikes out swinging
Bottom of the 9th over - 2 runs, 3 hits, 0 errors, 2 left on base; Tampa 5 - Clearwater 4
Thursday, May 2nd , 2024 - OOTP Baseball 24.11 Build 85